 Dungeon Crawl Stone Soup version 0.17-a0-1056-g838d5c0 (webtiles) character file.

386 Lugonue the Charmwright (level 6, -6/32 HPs)
             Began as a Vine Stalker Skald on May 16, 2015.
             Mangled by HEYYEYAAE's ghost (11 damage)
             ... on level 4 of the Dungeon.
             The game lasted 00:10:13 (2514 turns).

Lugonue the Charmwright (Vine Stalker Skald)        Turns: 2514, Time: 00:10:14

Health: -6/32      AC:  5    Str: 15    XL:     6   Next: 78%
Magic:  0/11       EV: 12    Int: 13    God:
Gold:   136        SH:  0    Dex: 14    Spells: 4 memorised, 3 levels left

rFire  . . .     SeeInvis .     p - +0 long sword
rCold  . . .     Clarity  .     b - +0 leather armour
rNeg   . . .     SustAb   .     (no shield)
rPois  .         Gourm    .     h - +1 helmet
rElec  .         Spirit   +     (no cloak)
rCorr  .         Warding  .     (no gloves)
rMut   .         Rnd*Tele +     (no boots)
MR     .....                    (no amulet)
Stlth  ++........               (no ring)
                                u - ring of teleportation

@: infused, very slightly contaminated, not resistant to hostile enchantments,
unstealthy
A: fangs 2, regeneration 2, magic shield, antimagic bite, no device heal 3, rot
immunity
a: Evoke Teleportation


You were on level 4 of the Dungeon.
You were not hungry.

You visited 1 branch of the dungeon, and saw 4 of its levels.

You collected 136 gold pieces.

Inventory:

Hand weapons
 a - a +0 falchion
 l - a +2 dagger of venom
 p - a +0 long sword (weapon)
Armour
 b - a +0 leather armour (worn)
 h - a +1 helmet (worn)
Jewellery
 u - a ring of teleportation (left hand)
Scrolls
 d - a scroll of enchant armour
 f - a scroll of noise
 g - 3 scrolls of identify
 k - a scroll of remove curse
Potions
 i - a potion of curing {unknown}
 j - 3 potions of heal wounds
 q - a potion of poison {unknown}
Books
 c - a book of Battle

   Spells                             Type                      Level
   a - Infusion                       Charms                       1
   b - Shroud of Golubria             Charms/Translocation         2
   c - Song of Slaying                Charms                       2
   d - Spectral Weapon                Hexes/Charms                 3
   e - Regeneration                   Charms/Necromancy            3
Comestibles
 m - 2 meat rations
 n - a beef jerky
 s - 2 bread rations


   Skills:
 + Level 2.6 Fighting
 + Level 2.4 Long Blades
 + Level 2.6 Armour
 + Level 2.3 Dodging
 + Level 1.8 Stealth
 + Level 3.2 Spellcasting
 * Level 4.0 Charms
 + Level 0.4 Translocations


You had 3 spell levels left.
You knew the following spells:

 Your Spells              Type           Power        Failure   Level  Hunger
a - Infusion              Chrm           ##....       8%          1    #......
b - Shroud of Golubria    Chrm/Tloc      #.........   17%         2    ##.....
c - Song of Slaying       Chrm           ##......     10%         2    ##.....
d - Spectral Weapon       Hex/Chrm       #.......     38%         3    ###....


Dungeon Overview and Level Annotations

Branches:
Dungeon (4/15)
 Temple: D:4-7

Altars:
Nemelex Xobeh

Shops:
D:4 *

Annotations:
D:4 HEYYEYAAE's ghost, experienced OpFi


Innate Abilities, Weirdness & Mutations

You have extremely sharp teeth.
You heal very quickly.
When hurt, damage is shared between your health and your magic reserves.
Your bite disrupts and absorbs the magic of your enemies.
Potions and wands cannot restore your health.
You are immune to rotting.


Message History

You closely miss HEYYEYAAE's ghost. You bite HEYYEYAAE's ghost.
You drain its power.
You feel invigorated.
HEYYEYAAE's ghost is moderately damaged.
HEYYEYAAE's ghost hits you!
* * * LOW HITPOINT WARNING * * *
You closely miss HEYYEYAAE's ghost.
HEYYEYAAE's ghost is moderately damaged.
HEYYEYAAE's ghost hits you!
* * * LOW HITPOINT WARNING * * *
Read which item? (? for menu, Esc to quit)
Okay, then.
Drink which item? (? for menu, Esc to quit)
Okay, then.
You hit HEYYEYAAE's ghost but do no damage.
HEYYEYAAE's ghost is moderately damaged.
HEYYEYAAE's ghost hits you but does no damage.
You hit HEYYEYAAE's ghost.
HEYYEYAAE's ghost is moderately damaged.
HEYYEYAAE's ghost hits you!
You die...

#..#####.........
#....W.g......#
##.#####.....##
#.# ##....# #.#
##.#..# #g#
#.#..# #g# #.#g.#
#W# #.#..# #@#
#g#..# ### #.#.W#
# # #.#g.#####
....##.#.......
#....†.......
####.##.#####
.............
###..##.#####
#..###.#####


You could see HEYYEYAAE's ghost, a gnoll and a goblin.

Vanquished Creatures
  A hippogriff (D:3)
  The ghost of Protee the Magician, an average DsWz (D:3)
  5 gnolls
  6 adders
  2 oozes (D:1)
  3 worms
  2 giant geckos
  5 orcs (D:3)
  13 bats
  2 giant cockroaches
  7 hobgoblins
  3 kobolds
  A quokka (D:3)
  A ball python (D:1)
  4 giant newts
  7 goblins
  3 jackals (D:1)
  8 rats
74 creatures vanquished.

Notes
Turn   | Place    | Note
--------------------------------------------------------------
     0 | D:1      | Lugonue the Vine Stalker Skald began the quest for the Orb.
     0 | D:1      | Reached XP level 1. HP: 11/11 MP: 4/4
   167 | D:1      | Reached XP level 2. HP: 12/15 MP: 1/6
   172 | D:1      | Found a sparkling altar of Nemelex Xobeh.
   539 | D:1      | Reached XP level 3. HP: 18/18 MP: 1/7
   947 | D:2      | Reached skill level 1 in Dodging
   994 | D:1      | Learned a level 2 spell: Shroud of Golubria
  1006 | D:2      | Reached skill level 1 in Armour
  1036 | D:2      | Reached XP level 4. HP: 23/23 MP: 4/8
  1274 | D:2      | Reached skill level 1 in Stealth
  1668 | D:3      | Noticed a hippogriff
  1680 | D:3      | Killed a hippogriff
  1680 | D:3      | Reached XP level 5. HP: 25/27 MP: 8/10
  1680 | D:3      | Gained mutation: You heal very quickly. [Vine Stalker growth]
  1680 | D:3      | Reached XP level 6. HP: 29/32 MP: 8/11
  1717 | D:3      | Learned a level 2 spell: Song of Slaying
  1765 | D:3      | Noticed Protee's ghost (average DsWz)
  1777 | D:3      | Killed Protee's ghost
  1843 | D:3      | Reached skill level 4 in Charms
  2221 | D:3      | Learned a level 3 spell: Spectral Weapon
  2433 | D:4      | Found Wiseh's Assorted Antiques.
  2472 | D:4      | Noticed HEYYEYAAE's ghost (experienced OpFi)
  2514 | D:4      | Mangled by HEYYEYAAE's ghost

Vault maps used:
D:1:      minmay_arrival_checkered_box, nemelex_deck
D:3:      first_bread
D:4:      serial_shops, nicolae_shop_waterfront, trog_book

Action                   |  1- 3 |  4- 6 || total
-------------------------+-------+-------++-------
Melee: Falchion          |    91 |       ||    91
       Dagger            |       |   120 ||   120
       Long sword        |       |    13 ||    13
 Cast: Infusion          |     8 |     7 ||    15
       Shroud of Golubri |     1 |     9 ||    10
  Use: Scroll            |       |     7 ||     7
 Stab: Sleeping          |       |     3 ||     3
  Eat: Bread ration      |     1 |       ||     1
       Chunk             |       |     2 ||     2
